[Event "Titled Tuesday Blitz September 21 2021"]
[White "Abdrlauf, Elham"]
[Black "Kubatko, Ivan"]
[WhiteFideId "1533533"]
[BlackFideId "24111473"]
[WhiteElo "2347"]
[BlackElo "2285"]
[Result "1-0"]
[Round "01"]
[TimeControl "180+1"]
[Date "2021.09.21"]
[WhiteClock "0:00:03"]
[BlackClock "0:00:01"]

1. e4 d5 2. exd5 Qxd5 3. Nf3 Nf6 4. Be2 Bg4 5. O-O Nc6 6. Nc3 Qa5 7. a3 e6 8. h3 Bh5 9. Rb1 O-O-O 10. b4 Qf5 11. b5 Bxf3 12. Bxf3 Nd4 13. d3 Nxf3+ 14. Qxf3 Qxf3 15. gxf3 Bc5 16. Ne4 Bd4 17. Be3 Nxe4 18. fxe4 f5 19. Rb4 Bxe3 20. fxe3 g6 21. Kg2 Rhf8 22. a4 g5 23. Rc4 h6 24. exf5 exf5 25. Rc5 Rde8 26. Rf3 Re6 27. h4 gxh4 28. Kf2 Rg6 29. Rc4 Rfg8 30. Rxf5 h3 31. Rh4 Rg2+ 32. Kf3 h2 33. Rfh5 R8g3+ 34. Kf4 Rg5 35. Rxh6 1-0


[Site "https://www.chess.com"]

[Event "Titled Tuesday Blitz September 21 2021"]
[White "Anuj Shrivatri"]
[Black "Qashashvili, Alexandre"]
[WhiteFideId "35070924"]
[BlackFideId "13600842"]
[WhiteElo "2038"]
[BlackElo "2316"]
[Result "1-0"]
[Round "01"]
[TimeControl "180+1"]
[Date "2021.09.21"]
[WhiteClock "0:00:53"]
[BlackClock "0:00:10"]

1. d4 d5 2. c4 c6 3. Nf3 Nf6 4. e3 Bf5 5. Nc3 e6 6. Nh4 Bg4 7. Qb3 b6 8. h3 Bh5 9. g4 Ne4 10. cxd5 Nxf2 11. Kxf2 Qxh4+ 12. Kg2 Bd6 13. Ne4 Be7 14. d6 Bf6 15. Bd2 Bg6 16. Bd3 Bxe4+ 17. Bxe4 h5 18. Bf3 O-O 19. Be1 Qg5 20. h4 Qg6 21. g5 Bd8 22. Bg3 a5 23. Rac1 a4 24. Qd1 Ra5 25. Bxh5 Qe4+ 26. Qf3 Qd3 27. Qe2 Qe4+ 28. Bf3 Qg6 29. Qc2 Qxc2+ 30. Rxc2 f6 31. g6 e5 32. h5 exd4 33. exd4 f5 34. Be5 f4 35. Bg4 c5 36. Be6+ Kh8 37. h6 Bf6 38. hxg7+ Kxg7 39. Kf3 Kxg6 40. Rg2+ Bg5 41. Rhg1 Nc6 42. Rxg5+ Kh6 43. Bg7+ Kh7 44. Rh1# 1-0


[Site "https://www.chess.com"]

[Event "Titled Tuesday Blitz September 21 2021"]
[White "Arabidze, Meri"]
[Black "Mikhnenko, Alexander"]
[WhiteFideId "13604040"]
[BlackFideId "34143014"]
[WhiteElo "2432"]
[BlackElo "2135"]
[Result "1-0"]
[Round "01"]
[TimeControl "180+1"]
[Date "2021.09.21"]
[WhiteClock "0:01:35"]
[BlackClock "0:01:32"]

1. Nf3 Nf6 2. b3 d5 3. Bb2 c5 4. e3 Nc6 5. Bb5 Bg4 6. h3 Bh5 7. g4 Bg6 8. Ne5 Rc8 9. f4 h5 10. Nxg6 fxg6 11. g5 Ne4 12. Qf3 Qd7 13. Nc3 Nxc3 14. Bxc3 e6 15. O-O-O a6 16. Bd3 Qf7 17. Kb1 c4 18. bxc4 dxc4 19. Bxc4 Bb4 20. Bb2 b5 21. Bb3 Na5 22. e4 Nc4 23. Bxc4 bxc4 24. f5 gxf5 25. exf5 Qxf5 26. Qb7 e5 27. Qxb4 1-0


[Site "https://www.chess.com"]

[Event "Titled Tuesday Blitz September 21 2021"]
[White "Aradhya, Garg"]
[Black "Tsyhanchuk, Stanislav"]
[WhiteFideId "25006746"]
[BlackFideId "13505130"]
[WhiteElo "2146"]
[BlackElo "2078"]
[Result "1-0"]
[Round "01"]
[TimeControl "180+1"]
[Date "2021.09.21"]
[WhiteClock "0:00:16"]
[BlackClock "0:00:08"]

1. d4 d5 2. c4 c6 3. Nf3 Nf6 4. e3 e6 5. Nc3 Nbd7 6. Be2 dxc4 7. a4 Bd6 8. O-O O-O 9. Nd2 Qc7 10. h3 b6 11. Nxc4 Bb4 12. e4 Bxc3 13. bxc3 Nxe4 14. Qd3 Nef6 15. Qf3 Ba6 16. Bf4 Qd8 17. Bd6 Re8 18. Ne5 Bxe2 19. Qxe2 Nxe5 20. dxe5 Nd5 21. c4 Ne7 22. Rfd1 Nf5 23. Qe4 Qc8 24. c5 Ne7 25. Bxe7 Rxe7 26. Rd6 bxc5 27. Rxc6 Qe8 28. Rxc5 Rc8 29. Rac1 Rxc5 30. Rxc5 g6 31. h4 h5 32. Qc4 Rd7 33. Rc8 Rd8 34. Rc7 a5 35. g3 Rb8 36. Kg2 Kg7 37. Qf4 Rb4 38. Qf6+ Kg8 39. Re7 Qa8+ 40. Kh2 Qf8 41. Rd7 Rxa4 42. Rd8 1-0


[Site "https://www.chess.com"]

[Event "Titled Tuesday Blitz September 21 2021"]
[White "Arjun Kalyan"]
[Black "Lamaze, Simon"]
[WhiteFideId "35018701"]
[BlackFideId "36069264"]
[WhiteElo "2321"]
[BlackElo "1999"]
[Result "1-0"]
[Round "01"]
[TimeControl "180+1"]
[Date "2021.09.21"]
[WhiteClock "0:01:38"]
[BlackClock "0:00:27"]

1. Nf3 d5 2. e3 Nf6 3. c4 c6 4. Nc3 Bf5 5. b3 h6 6. Bb2 e6 7. Be2 Be7 8. O-O O-O 9. d3 Bh7 10. Qc2 Nbd7 11. Rfd1 Rc8 12. a3 b5 13. e4 Qb6 14. e5 Ne8 15. Qc1 a5 16. d4 bxc4 17. bxc4 dxc4 18. Bxc4 c5 19. d5 Qb8 20. dxe6 1-0


[Site "https://www.chess.com"]

[Event "Titled Tuesday Blitz September 21 2021"]
[White "Atanasov, Anthony"]
[Black "Andreikin, Dmitry"]
[WhiteFideId "2623897"]
[BlackFideId "4158814"]
[WhiteElo "1928"]
[BlackElo "2736"]
[Result "0-1"]
[Round "01"]
[TimeControl "180+1"]
[Date "2021.09.21"]
[WhiteClock "0:00:01"]
[BlackClock "0:01:20"]

1. d4 Nf6 2. Nf3 g6 3. Bf4 Bg7 4. e3 O-O 5. Be2 d6 6. O-O Nbd7 7. c4 Nh5 8. Bg5 h6 9. Bh4 g5 10. Ne1 Nf4 11. exf4 gxh4 12. Nc3 e5 13. dxe5 dxe5 14. fxe5 Nxe5 15. Nf3 Bf5 16. h3 c6 17. Qb3 Re8 18. Rad1 Qe7 19. Nd4 Bh7 20. Rfe1 Rad8 21. Nc2 Rxd1 22. Rxd1 Nd7 23. Ne3 Nc5 24. Qa3 Qg5 25. Qxa7 Bxc3 26. bxc3 Rxe3 27. fxe3 Qxe3+ 28. Kf1 Be4 29. Qb8+ Kh7 30. Qh2 Ne6 31. Qg1 Qxc3 32. Qf2 f5 33. Rd7+ Kg6 34. Qxh4 Qc1+ 35. Rd1 Qf4+ 36. Qxf4 Nxf4 0-1


[Site "https://www.chess.com"]

[Event "Titled Tuesday Blitz September 21 2021"]
[White "Babiy, Olga"]
[Black "Zhigalko, Sergei"]
[WhiteFideId "14117258"]
[BlackFideId "13502956"]
[WhiteElo "2253"]
[BlackElo "2662"]
[Result "0-1"]
[Round "01"]
[TimeControl "180+1"]
[Date "2021.09.21"]
[WhiteClock "0:00:02"]
[BlackClock "0:00:06"]

1. d4 Nf6 2. Nf3 e6 3. Bf4 b6 4. e3 Bb7 5. Nbd2 Nh5 6. Bg5 Be7 7. Bxe7 Qxe7 8. Bd3 O-O 9. Qe2 f5 10. O-O-O c5 11. Rhg1 Nf6 12. h3 Nc6 13. c3 cxd4 14. exd4 Nd5 15. g3 a6 16. Nc4 Rac8 17. Ne3 Ncb4 18. Bb1 Rxc3+ 19. bxc3 Nxc3 20. Qd2 Rc8 21. Kb2 Bxf3 22. Rc1 Na4+ 23. Ka1 Rc6 24. Rxc6 Nxc6 25. Rc1 Qa3 26. d5 exd5 27. Bxf5 Na5 28. Rb1 Kf7 29. Nxd5 Qc5 30. Ne3 Qe5+ 31. Rb2 Nxb2 32. Qxb2 Qxb2+ 33. Kxb2 d6 34. Bd3 b5 35. Kc3 Nc6 36. Nc2 Ne5 37. Bf5 g6 38. Bc8 a5 39. Nd4 b4+ 40. Kd2 Bd5 41. Nb5 Ke7 42. Nd4 Bxa2 43. Ba6 Bc4 44. Bb7 Kd7 45. f4 Nf7 46. Bc6+ Kc7 47. Ba4 Nd8 48. Ke3 Be6 49. g4 Bd7 50. Bc2 Ne6 51. Nf3 Nc5 52. f5 gxf5 53. gxf5 b3 54. Bb1 a4 55. Nd4 a3 56. Nxb3 Nxb3 57. Ba2 Nc1 0-1


[Site "https://www.chess.com"]

[Event "Titled Tuesday Blitz September 21 2021"]
[White "Bacrot, Etienne"]
[Black "Korkmaz, Necmettin"]
[WhiteFideId "605506"]
[BlackFideId "6303285"]
[WhiteElo "2673"]
[BlackElo "2094"]
[Result "1/2-1/2"]
[Round "01"]
[TimeControl "180+1"]
[Date "2021.09.21"]
[WhiteClock "0:00:22"]
[BlackClock "0:01:09"]

1. e4 c5 2. Nf3 e6 3. c3 d5 4. exd5 exd5 5. d4 Nf6 6. Bb5+ Bd7 7. Qe2+ Be7 8. dxc5 O-O 9. Be3 Ne4 10. O-O Bxc5 11. Bxd7 Bxe3 12. Bf5 Bb6 13. Bxe4 Re8 14. Bxh7+ Kxh7 15. Qd3+ Kg8 16. Nbd2 Nc6 17. h4 Ne5 18. Nxe5 Rxe5 19. Nf3 Re4 20. Rad1 Qe7 21. Qxd5 Re2 22. Rd2 Rd8 23. Rxe2 Qxe2 24. Qb3 Rd3 25. a4 Rxf3 26. gxf3 Qxf3 27. Qc4 Qg3+ 28. Kh1 Qh3+ 29. Kg1 Qg3+ 30. Kh1 Qh3+ 31. Kg1 Qg3+ 1/2-1/2


[Site "https://www.chess.com"]

[Event "Titled Tuesday Blitz September 21 2021"]
[White "Bazeev, German"]
[Black "Buscar, Michael"]
[WhiteFideId "24119350"]
[BlackFideId "2603616"]
[WhiteElo "2462"]
[BlackElo "2010"]
[Result "1/2-1/2"]
[Round "01"]
[TimeControl "180+1"]
[Date "2021.09.21"]
[WhiteClock "0:00:25"]
[BlackClock "0:00:12"]

1. c4 Nf6 2. Nc3 e6 3. Nf3 d5 4. d4 c5 5. cxd5 exd5 6. g3 Nc6 7. Bg2 Be7 8. O-O O-O 9. dxc5 Bxc5 10. Bg5 Be7 11. Bxf6 Bxf6 12. Qxd5 Qxd5 13. Nxd5 Bxb2 14. Rab1 Ba3 15. Rfd1 Rb8 16. e3 Bf5 17. Rb5 Bg4 18. h3 Bh5 19. g4 Bg6 20. Nh4 Bc2 21. Rd2 Ba4 22. Rb1 Rfd8 23. Nf5 Bf8 24. Rc1 Ne5 25. Nd4 Rbc8 26. Rxc8 Rxc8 27. Nf5 Ng6 28. h4 Rc1+ 29. Kh2 Rd1 30. Rxd1 Bxd1 31. Kg3 Ne5 32. f3 g6 33. Nfe7+ Kg7 34. g5 b5 35. f4 Nc4 36. Kf2 a5 37. Bf1 Bg4 38. Nf6 Be6 39. Ned5 b4 40. Nc7 Nd6 41. Nxe6+ fxe6 42. Ke2 Be7 43. Nd7 Ne4 44. Bh3 Nc3+ 45. Kd3 Nxa2 46. Bxe6 Nc1+ 47. Kc2 Ne2 48. Nb6 Ng1 49. Nd5 Bf8 50. Bg4 a4 51. Nb6 Bc5 52. Nxa4 Bxe3 53. f5 gxf5 54. Bxf5 Nf3 55. Kd3 Bc1 56. Nc5 Nxh4 1/2-1/2


[Site "https://www.chess.com"]

[Event "Titled Tuesday Blitz September 21 2021"]
[White "Begunov, Konstantin"]
[Black "Grandelius, Nils"]
[WhiteFideId "4118510"]
[BlackFideId "1710400"]
[WhiteElo "2262"]
[BlackElo "2651"]
[Result "0-1"]
[Round "01"]
[TimeControl "180+1"]
[Date "2021.09.21"]
[WhiteClock "0:00:01"]
[BlackClock "0:00:41"]

1. d4 Nf6 2. c4 e6 3. Nf3 c5 4. Nc3 d5 5. cxd5 exd5 6. g3 Nc6 7. Bg2 cxd4 8. Nxd4 Bc5 9. Nxc6 bxc6 10. O-O O-O 11. Bf4 Re8 12. Rc1 Bb6 13. Na4 Bg4 14. Re1 Qd7 15. Nc5 Bxc5 16. Rxc5 Rac8 17. Be3 Bh3 18. Bh1 h5 19. Qd4 Ne4 20. Rc2 c5 21. Qd1 d4 22. Bf4 Nf6 23. Qc1 Nd5 24. Bd2 Qd6 25. b3 Bf5 26. Rc4 Nb6 27. Bf4 Qe7 28. Rc2 Bxc2 29. Qxc2 c4 30. bxc4 Rxc4 31. Qd3 Rec8 32. Bf3 g6 33. Rd1 Qe6 34. Qb3 Nd5 35. Bd2 Nc3 36. Re1 Ne4 37. Bf4 g5 0-1


[Site "https://www.chess.com"]

[Event "Titled Tuesday Blitz September 21 2021"]
[White "Bluebaum, Matthias"]
[Black "Patrascu, Catalin-Lucian"]
[WhiteFideId "24651516"]
[BlackFideId "1229052"]
[WhiteElo "2681"]
[BlackElo "2120"]
[Result "1-0"]
[Round "01"]
[TimeControl "180+1"]
[Date "2021.09.21"]
[WhiteClock "0:00:16"]
[BlackClock "0:00:10"]

1. d4 d5 2. Nf3 Nf6 3. Bf4 e6 4. e3 Bd6 5. Ne5 Nbd7 6. Nd2 Qe7 7. Bd3 c5 8. c3 a6 9. a4 b6 10. g4 h6 11. h4 Bb7 12. Qf3 O-O-O 13. g5 hxg5 14. hxg5 Rxh1+ 15. Qxh1 Bxe5 16. dxe5 Ne8 17. g6 f6 18. exf6 Qxf6 19. O-O-O e5 20. Bg3 Qc6 21. Bc2 Nef6 22. Nf3 Re8 23. Ng5 c4 24. Nf7 Nc5 25. Nxe5 Qe6 26. Nf7 d4 27. Nd6+ Qxd6 28. Bf5+ Kd8 29. Bxd6 Nb3+ 30. Kb1 Bxh1 31. Rxh1 d3 32. Ka2 Ne4 33. Bf4 Nxf2 34. Rh7 d2 35. Rxg7 d1=Q 36. Bc7# 1-0


[Site "https://www.chess.com"]

[Event "Titled Tuesday Blitz September 21 2021"]
[White "Bouget, Alexandre"]
[Black "Savchenko, Boris"]
[WhiteFideId "681318"]
[BlackFideId "4147332"]
[WhiteElo "2178"]
[BlackElo "2543"]
[Result "0-1"]
[Round "01"]
[TimeControl "180+1"]
[Date "2021.09.21"]
[WhiteClock "0:00:02"]
[BlackClock "0:01:36"]

1. d4 e6 2. c4 d5 3. Nc3 a6 4. cxd5 exd5 5. Qb3 c6 6. e4 dxe4 7. Bc4 Qe7 8. Bg5 Qxg5 9. Bxf7+ Kd8 10. Bxg8 Qxg2 11. O-O-O Qxh1 12. Qb6+ Ke8 13. Qc7 Nd7 14. Be6 Qg2 15. d5 Qg5+ 16. Kb1 e3 17. fxe3 cxd5 18. Ka1 Qd8 19. Qf4 Nf6 20. Nxd5 Bxe6 21. Nc7+ Kf7 22. Rxd8 Rxd8 0-1


[Site "https://www.chess.com"]

[Event "Titled Tuesday Blitz September 21 2021"]
[White "Chos, Alexey"]
[Black "Karacsonyi, Gellert"]
[WhiteFideId "14117762"]
[BlackFideId "764620"]
[WhiteElo "2234"]
[BlackElo "2215"]
[Result "1-0"]
[Round "01"]
[TimeControl "180+1"]
[Date "2021.09.21"]
[WhiteClock "0:00:37"]
[BlackClock "0:00:51"]

1. d4 Nf6 2. Nf3 d5 3. g3 e6 4. Bg2 Be7 5. O-O O-O 6. c4 dxc4 7. Nc3 Bd7 8. Ne5 Nc6 9. Nxc4 a6 10. e4 Be8 11. d5 exd5 12. exd5 Nb8 13. Be3 h6 14. d6 cxd6 15. Bxb7 Bc6 16. Bxa8 Bxa8 17. Bd4 Qc8 18. Ne3 Qc6 19. f3 Nbd7 20. Nf5 Bd8 21. Rc1 Qb7 22. Nxd6 Qxb2 23. Rb1 Qa3 24. Nc4 Qe7 25. Re1 Ne4 26. Nxe4 Qe6 27. Nf6+ Nxf6 28. Rxe6 fxe6 29. Bc5 Re8 30. Nd6 Rf8 31. Nb7 Re8 32. Nxd8 Bd5 33. Nb7 Rc8 34. Rc1 Bxb7 35. Bd4 Rf8 36. Bxf6 Rxf6 37. f4 Rf7 38. Qd8+ Kh7 39. Rc7 1-0


[Site "https://www.chess.com"]

[Event "Titled Tuesday Blitz September 21 2021"]
[White "Corrales Jimenez, Fidel"]
[Black "Pourkashiyan, Atousa"]
[WhiteFideId "3506690"]
[BlackFideId "12502014"]
[WhiteElo "2555"]
[BlackElo "2285"]
[Result "1/2-1/2"]
[Round "01"]
[TimeControl "180+1"]
[Date "2021.09.21"]
[WhiteClock "0:00:27"]
[BlackClock "0:00:01"]

1. e4 e5 2. Nf3 Nc6 3. d4 exd4 4. Nxd4 d6 5. c4 Nf6 6. Nc3 Be7 7. Be2 O-O 8. O-O Re8 9. Re1 Bf8 10. f3 h6 11. Be3 Nxd4 12. Bxd4 Be6 13. Qd2 Nd7 14. b4 a5 15. a3 axb4 16. axb4 c5 17. bxc5 Nxc5 18. Rxa8 Qxa8 19. Bf2 Qa5 20. Qc2 Ra8 21. Rb1 g6 22. Nb5 Qa4 23. Qxa4 Rxa4 24. Nc3 Ra3 25. Nd5 Rb3 26. Rxb3 Nxb3 27. Nf6+ Kh8 28. Ne8 Na5 29. Bd4+ Kg8 30. Nf6+ Kh8 31. Nd5+ Kg8 32. Bb6 Nc6 33. Kf2 Bg7 34. Ke3 g5 35. g3 Bb2 36. f4 Bc1+ 37. Kf3 gxf4 38. gxf4 f5 39. Bd3 fxe4+ 40. Bxe4 Bf7 41. Bc7 Ba3 42. Ne3 Nd4+ 43. Kg4 h5+ 44. Kg5 Ne6+ 45. Kf6 Nxc7 46. Nf5 Bxc4 47. Nxd6 Bxd6 48. Bxb7 Ne8+ 49. Kg6 h4 50. Kg5 h3 51. Kg4 Bf1 52. Bc8 Kg7 53. Kh4 Nf6 54. Bxh3 Bxh3 55. Kxh3 Bxf4 56. Kh4 Bh6 57. h3 Kg6 58. Kg3 Kh5 59. h4 Ng4 60. Kf3 Kxh4 61. Ke4 Bg7 62. Kf5 Kh5 63. Ke4 Kg5 64. Kd5 Kf5 65. Kc4 Ke4 66. Kc5 Be5 67. Kc6 Nf6 68. Kb7 Kd5 69. Kb6 Bd6 70. Kb5 Nd7 71. Ka6 Kc6 72. Ka7 Nc5 73. Ka8 Na4 74. Ka7 Nc5 75. Ka8 Kb5 76. Ka7 Be5 77. Ka8 Bd4 78. Ka7 Kc6 79. Ka8 Kb6 80. Kb8 Be5+ 81. Ka8 Bd4 82. Kb8 Na6+ 83. Ka8 Nc5 1/2-1/2


[Site "https://www.chess.com"]

[Event "Titled Tuesday Blitz September 21 2021"]
[White "Deac, Bogdan-Daniel"]
[Black "Rodchenkov, Vitaly"]
[WhiteFideId "1226380"]
[BlackFideId "4152964"]
[WhiteElo "2605"]
[BlackElo "2337"]
[Result "1-0"]
[Round "01"]
[TimeControl "180+1"]
[Date "2021.09.21"]
[WhiteClock "0:00:02"]
[BlackClock "0:00:04"]

1. b3 c5 2. Bb2 Nf6 3. c4 Nc6 4. Nf3 d5 5. cxd5 Nxd5 6. g3 f6 7. Bg2 e5 8. O-O Be7 9. d3 O-O 10. Nbd2 Be6 11. Rc1 Rc8 12. a3 Qd7 13. e3 Rfd8 14. Qc2 b6 15. Rfd1 Bh3 16. Qc4 Bxg2 17. Kxg2 Kh8 18. h4 Na5 19. Qe4 Bf8 20. g4 Qf7 21. h5 Nc7 22. h6 Ne6 23. hxg7+ Bxg7 24. b4 Nc6 25. Rh1 h6 26. b5 Ne7 27. Nc4 Kg8 28. a4 Ng6 29. Kg3 Ng5 30. Nxg5 fxg5 31. a5 bxa5 32. Ra1 Rf8 33. f3 Nh4 34. Rhf1 Qd7 35. Rxa5 Rce8 36. Ra6 Re6 37. Rxe6 Qxe6 38. Bxe5 Bxe5+ 39. Qxe5 Qd7 40. Qd6 Qg7 41. Qd5+ Kh8 42. f4 Ng6 43. f5 Nh4 44. Qe5 Rf6 45. e4 Kh7 46. Qb8 Qd7 47. Ne5 Qe7 48. Ra1 a6 49. Rxa6 Rxa6 50. bxa6 Qd6 51. Qxd6 1-0


[Site "https://www.chess.com"]

[Event "Titled Tuesday Blitz September 21 2021"]
[White "Djordjevic, Vuk"]
[Black "Sinitsina, Anastassia"]
[WhiteFideId "902098"]
[BlackFideId "4504640"]
[WhiteElo "2463"]
[BlackElo "2161"]
[Result "1-0"]
[Round "01"]
[TimeControl "180+1"]
[Date "2021.09.21"]
[WhiteClock "0:00:07"]
[BlackClock "0:00:13"]

1. d4 Nf6 2. Bg5 g6 3. Bxf6 exf6 4. c4 Bg7 5. Nc3 O-O 6. e3 d6 7. g3 Nd7 8. Bg2 f5 9. Nge2 Nf6 10. O-O c6 11. b4 Be6 12. Qd3 Rc8 13. a4 d5 14. cxd5 cxd5 15. Nf4 Ne4 16. Rfc1 Qd6 17. Nxe6 fxe6 18. Nxe4 fxe4 19. Qb5 Rc7 20. Bh3 a6 21. Qa5 Rc6 22. Rxc6 Qxc6 23. Qc5 Rc8 24. Rc1 Kf7 25. Bf1 Bf8 26. Qxc6 Rxc6 27. Rb1 Rc2 28. b5 a5 29. b6 Bb4 30. Ba6 bxa6 31. Rxb4 Rc8 32. b7 Rb8 33. Rb6 Ke7 34. Kg2 Kd7 35. g4 Kc7 36. Rxe6 Kxb7 37. Rd6 Rc8 38. Rxd5 Kb6 39. f4 exf3+ 40. Kxf3 Rc4 41. e4 Rxa4 42. e5 Ra2 43. e6 Ra3+ 44. Kf4 1-0


[Site "https://www.chess.com"]

[Event "Titled Tuesday Blitz September 21 2021"]
[White "Dmitrenko, Viktor"]
[Black "Nesterov, Arseniy"]
[WhiteFideId "14110270"]
[BlackFideId "24198455"]
[WhiteElo "2294"]
[BlackElo "2494"]
[Result "0-1"]
[Round "01"]
[TimeControl "180+1"]
[Date "2021.09.21"]
[WhiteClock "0:00:02"]
[BlackClock "0:00:14"]

1. e4 e5 2. Nf3 Nc6 3. Bc4 Bc5 4. c3 Nf6 5. d3 d6 6. Nbd2 O-O 7. h3 a5 8. a4 Be6 9. Bb5 h6 10. Qe2 Qb8 11. g4 Ne7 12. g5 Nh5 13. Nf1 c6 14. Bc4 d5 15. Ba2 Ng6 16. gxh6 Nhf4 17. Bxf4 Nxf4 18. Qc2 dxe4 19. dxe4 gxh6 20. Ne3 Bxa2 21. Rxa2 Kh7 22. Ng4 f6 23. O-O h5 24. Ne3 Rg8+ 25. Kh1 Bxe3 26. fxe3 Rg2 27. Qb3 Qc8 28. Qf7+ Rg7 29. Qxg7+ Kxg7 30. exf4 Qxh3+ 31. Nh2 exf4 32. Raa1 Rd8 33. Rg1+ Kh7 34. Rg2 Rd3 35. Rf1 f3 36. Rgf2 Qh4 37. Rxf3 Rxf3 38. Rxf3 Qxe4 39. Kg1 Qb1+ 40. Nf1 Qxb2 41. Rxf6 Qxc3 42. Rf7+ Kg6 43. Rxb7 Qd4+ 44. Kg2 Qxa4 45. Re7 Qg4+ 46. Ng3 h4 0-1


[Site "https://www.chess.com"]

[Event "Titled Tuesday Blitz September 21 2021"]
[White "Dolzhykova, Kateryna"]
[Black "Quispe Arteaga, Gabriel"]
[WhiteFideId "14113414"]
[BlackFideId "32059809"]
[WhiteElo "2180"]
[BlackElo "2192"]
[Result "1/2-1/2"]
[Round "01"]
[TimeControl "180+1"]
[Date "2021.09.21"]
[WhiteClock "0:00:16"]
[BlackClock "0:00:18"]

1. e4 c5 2. Nf3 e6 3. d3 Nc6 4. g3 g6 5. Bg2 Bg7 6. O-O Nge7 7. Nc3 O-O 8. Be3 b6 9. Nh4 Bb7 10. f4 d5 11. Bf2 dxe4 12. dxe4 Nd4 13. Rb1 Qd7 14. Ne2 Rad8 15. Nxd4 cxd4 16. f5 exf5 17. exf5 Bxg2 18. Kxg2 Nxf5 19. Nxf5 Qxf5 20. Qd3 Qd5+ 21. Qf3 Qxa2 22. Rfd1 Qc4 23. Qd3 Qxd3 24. cxd3 Rc8 25. Rdc1 Bh6 26. Rxc8 Rxc8 27. Bxd4 Rc2+ 28. Kh3 Bg7 29. Bxg7 Kxg7 30. Ra1 a5 31. b4 axb4 32. Rb1 h5 33. Rxb4 g5 34. g4 Rc6 35. gxh5 f5 36. Rb5 Rf6 37. Kg3 Kh6 38. h4 Kxh5 39. hxg5 Kxg5 40. Kf3 Rd6 41. d4 Rh6 42. Kg3 Rc6 43. Kf3 Rd6 44. Kg3 Rh6 45. Kf3 Rc6 46. Kg3 Rc3+ 47. Kf2 Rd3 48. Rxb6 Rxd4 49. Rb3 Kg4 50. Rg3+ Kf4 51. Rf3+ Ke5 52. Re3+ Kd5 53. Ra3 Rb4 54. Kf3 Ke5 55. Ra5+ Kf6 56. Ra8 Rb6 57. Rf8+ Kg6 58. Rg8+ Kf7 59. Ra8 Rh6 60. Kf4 Rh5 1/2-1/2


[Site "https://www.chess.com"]

[Event "Titled Tuesday Blitz September 21 2021"]
[White "Erzhanov, Arman"]
[Black "Manafov, Vugar"]
[WhiteFideId "4138821"]
[BlackFideId "13410814"]
[WhiteElo "2175"]
[BlackElo "2274"]
[Result "0-1"]
[Round "01"]
[TimeControl "180+1"]
[Date "2021.09.21"]
[WhiteClock "0:00:01"]
[BlackClock "0:00:34"]

1. e4 Nf6 2. Nc3 d5 3. e5 Nfd7 4. e6 fxe6 5. d4 c5 6. dxc5 Nc6 7. Nf3 g6 8. h4 Bg7 9. h5 Nxc5 10. hxg6 hxg6 11. Rxh8+ Bxh8 12. Bd3 Qb6 13. Bxg6+ Kd7 14. Nxd5 exd5 15. Qxd5+ Kc7 16. Bf4+ e5 17. O-O-O Qb4 18. Qd6+ Kb6 19. Be3 e4 20. Nd4 Nd3+ 21. cxd3 Qxd6 22. Nf5+ Qc5+ 23. Bxc5+ Kxc5 24. dxe4 Be6 25. Nd6 Rg8 26. Bf5 Bxa2 27. g4 Nd4 28. f4 Kxd6 0-1


[Site "https://www.chess.com"]

[Event "Titled Tuesday Blitz September 21 2021"]
[White "Estrada Nieto, Julian"]
[Black "Zubov, Alexander"]
[WhiteFideId "5101018"]
[BlackFideId "14109409"]
[WhiteElo "2270"]
[BlackElo "2740"]
[Result "0-1"]
[Round "01"]
[TimeControl "180+1"]
[Date "2021.09.21"]
[WhiteClock "0:00:04"]
[BlackClock "0:01:11"]

1. e4 c5 2. Nf3 d6 3. Bb5+ Nc6 4. O-O Bd7 5. Re1 Nf6 6. c3 a6 7. Bf1 Bg4 8. d4 cxd4 9. cxd4 e5 10. d5 Nd4 11. Be3 Nxf3+ 12. gxf3 Bd7 13. Nc3 Be7 14. a4 O-O 15. Qb3 Nh5 16. Qxb7 Bg5 17. Qb3 f5 18. exf5 Bf4 19. Ne4 Bxf5 20. Bg2 Bxe4 21. fxe4 Qh4 22. h3 Rab8 23. Bb6 Bd2 24. Rf1 Ba5 25. Qd3 Bxb6 0-1


[Site "https://www.chess.com"]

[Event "Titled Tuesday Blitz September 21 2021"]
[White "FGHSMN"]
[Black "Terletsky, Oleg"]
[BlackFideId "14116774"]
[WhiteElo "2700"]
[BlackElo "2086"]
[Result "1-0"]
[Round "01"]
[TimeControl "180+1"]
[Date "2021.09.21"]
[WhiteClock "0:01:09"]
[BlackClock "0:00:19"]

1. b3 e5 2. Bb2 Nc6 3. c4 Nf6 4. e3 d5 5. cxd5 Nxd5 6. a3 Bd6 7. Qc2 O-O 8. Nf3 Kh8 9. Be2 f5 10. d3 Qf6 11. Nbd2 Qg6 12. Nc4 e4 13. dxe4 fxe4 14. Nh4 Qg5 15. Qxe4 Nf6 16. Bxf6 Qxf6 17. O-O Be7 18. Nf3 Bf5 19. Qf4 b5 20. Ncd2 Bd6 21. Qh4 a6 22. Qxf6 Rxf6 23. Rfc1 Ne5 24. Nd4 Bg6 25. N2f3 Nd3 26. Rc3 Nc5 27. b4 Ne4 28. Rc6 Be8 29. Rc2 Bd7 30. Rac1 Re8 31. Bd3 h6 32. Nb3 g5 33. Bxe4 Rxe4 34. Nc5 Bg4 35. Nxe4 1-0


[Site "https://www.chess.com"]

[Event "Titled Tuesday Blitz September 21 2021"]
[White "Federzoni, Enzo"]
[Black "Vokhidov, Shamsiddin"]
[WhiteFideId "2173301"]
[BlackFideId "14204223"]
[WhiteElo "1956"]
[BlackElo "2616"]
[Result "0-1"]
[Round "01"]
[TimeControl "180+1"]
[Date "2021.09.21"]
[WhiteClock "0:00:26"]
[BlackClock "0:01:14"]

1. e4 c5 2. Nf3 e6 3. d4 cxd4 4. Nxd4 Nc6 5. Nc3 Qc7 6. Be3 a6 7. Qf3 Ne5 8. Qg3 h5 9. Nf5 f6 10. f4 Ng4 11. Nd4 N8h6 12. O-O-O Nxe3 13. Qxe3 Bc5 14. Qg3 g5 15. fxg5 Qxg3 16. hxg3 Ng4 17. Be2 Nf2 18. Rxh5 Rg8 19. Rd2 fxg5 20. Bf3 b5 21. a3 Bb7 22. Rxf2 Bxd4 23. Rf1 Rc8 24. Kd2 Be5 25. Rfh1 Bxg3 26. Rh8 Rxh8 27. Rxh8+ Ke7 28. Rh7+ Kd8 29. Ne2 Be5 30. c3 g4 31. Bxg4 Bxe4 32. Bf3 Bxh7 0-1


[Site "https://www.chess.com"]

[Event "Titled Tuesday Blitz September 21 2021"]
[White "Gabdushev, Ruslan"]
[Black "Boros, Denes"]
[WhiteFideId "4137833"]
[BlackFideId "722340"]
[WhiteElo "2312"]
[BlackElo "2464"]
[Result "0-1"]
[Round "01"]
[TimeControl "180+1"]
[Date "2021.09.21"]
[WhiteClock "0:00:36"]
[BlackClock "0:00:54"]

1. b3 g6 2. Bb2 f6 3. h4 e5 4. e3 d5 5. h5 g5 6. d4 Bd6 7. c4 exd4 8. Bxd4 Be6 9. cxd5 Bxd5 10. Nc3 c6 11. Nxd5 cxd5 12. Bb5+ Nc6 13. Bxc6+ bxc6 14. Ne2 Qa5+ 15. Kf1 Be5 16. Qc2 Ne7 17. Qb2 Qc7 18. Rc1 O-O 19. Qa3 Nf5 20. Bc5 Rfe8 21. Qa6 Re6 22. g4 Nh6 23. f3 f5 24. gxf5 Nxf5 25. Rg1 h6 26. Qd3 Qf7 27. f4 Bg7 28. Ke1 Rae8 29. Kd2 d4 30. fxg5 Rxe3 0-1


[Site "https://www.chess.com"]

[Event "Titled Tuesday Blitz September 21 2021"]
[White "Gabrielian, Artur"]
[Black "Sadovsky, Artem"]
[WhiteFideId "4131002"]
[BlackFideId "4155840"]
[WhiteElo "2489"]
[BlackElo "2414"]
[Result "1-0"]
[Round "01"]
[TimeControl "180+1"]
[Date "2021.09.21"]
[WhiteClock "0:01:34"]
[BlackClock "0:00:02"]

1. e4 g6 2. d4 Bg7 3. Nc3 c6 4. f4 d5 5. e5 h5 6. Nf3 Nh6 7. Bd3 Bf5 8. O-O Bxd3 9. Qxd3 e6 10. Nd1 Nf5 11. Ne3 Nxe3 12. Bxe3 Bf8 13. b3 Be7 14. c4 Nd7 15. a4 a6 16. g3 Rc8 17. Kg2 Nb6 18. c5 Na8 19. h3 Nc7 20. Bd2 Kd7 21. b4 Ra8 22. Rh1 Qg8 23. Kf2 Qe8 24. Ke2 Qc8 25. g4 Qg8 26. Qb1 hxg4 27. hxg4 Qg7 28. Qd3 Rxh1 29. Rxh1 Rh8 30. Qb1 Rh7 31. Qg1 Qh8 32. Rh2 Rxh2+ 33. Qxh2 Qxh2+ 34. Nxh2 Na8 35. Nf3 b5 36. a5 Nc7 37. Be1 Ke8 38. Bh4 Bxh4 39. Nxh4 Kf8 40. Kf3 Kg7 41. Kg3 Ne8 42. Nf3 Nc7 43. Kh4 Kh6 44. Ng5 Kg7 45. Nh3 Kh6 46. Nf2 Kg7 47. Kg5 Ne8 48. f5 gxf5 49. gxf5 exf5 50. Kxf5 Nc7 51. Kf4 Ne6+ 52. Ke3 f6 53. exf6+ Kxf6 54. Ng4+ Ke7 55. Ne5 Nd8 56. Kf3 Ke6 57. Kf4 Kf6 58. Nd7+ Ke6 59. Nb8 Ke7 60. Kf5 Ne6 61. Nxc6+ Kd7 62. Ke5 Kxc6 63. Kxe6 1-0


[Site "https://www.chess.com"]